Map: Submarine LE

Players

FLORENCIO - Winner!

  • Race: Terran Terran
  • Spawn Location: 11:00

jjs

  • Race: Zerg Zerg
  • League: Platinum
  • Spawn Location: 5:00

VOD

Have the link to the VOD?

Description

Time

  • Played on: Dec. 31, 2020, 4:41 p.m.
  • Length: 21:54
Show
View Real Time Build Order
Export as new Build Order

FLORENCIO Terran - Winner!

Build Orders: 2 Factory, Command Center First (CC) 

Get SALT Encoding   

  12  0:00  SCV  
  13  0:12  SCV  
  14  0:24  SCV  
  15  0:28  Supply Depot  
  15  0:56  Command Center  
  15  0:59  SCV  
  16  1:10  Barracks  
  16  1:14  SCV  
  17  1:26  SCV  
  18  1:35  Refinery  
  18  1:38  SCV  
  19  1:53  SCV  
  20  1:58  Supply Depot  
  20  2:05  Marine, SCV  
  22  2:17  SCV x2  
  22  2:21  Refinery  
  24  2:29  SCV x2  
  26  2:41  SCV  
  27  2:45  Command Center  
  27  2:53  SCV  
  27  2:56  SCV  
  29  3:08  SCV x2  
  31  3:20  SCV  
  32  3:28  Factory  
  32  3:29  Factory  
  32  3:31  Factory  
  32  3:33  SCV  
  33  3:45  SCV  
  34  3:51  Engineering Bay  
  34  3:58  Bunker, Marine  
  35  4:10  SCV  
  35  4:16  Hellion  
  35  4:17  Hellion x2  
  44  4:26  Planetary Fortress  
  44  4:30  Planetary Fortress  
  42  4:33  Refinery x2  
  42  4:45  Hellion x3  
  48  4:57  Supply Depot  
  48  4:58  Supply Depot x2  
  48  5:07  Factory Tech Lab  
  48  5:08  Factory Tech Lab  
  48  5:09  Factory Tech Lab  
  48  5:19  Planetary Fortress  
  48  5:23  Armory  
  48  5:25  Supply Depot  
  48  5:28  Supply Depot  
  48  5:30  SCV x2  
  51  5:42  SCV  
  51  5:43  SCV  
  50  5:54  SCV  
  50  5:55  SCV  
  42  6:00  SCV  
  43  6:05  Hellion x3  
  43  6:07  SCV x2  
  51  6:12  SCV  
  51  6:18  Hi-Sec Auto Tracking  
  52  6:19  SCV x2  
  52  6:24  SCV  
  55  6:26  Hellion  
  55  6:27  Hellion  
  55  6:31  SCV x2  
  61  6:36  SCV  
  62  6:42  Hellion  
  62  6:43  SCV x2  
  66  6:48  SCV  
  67  6:54  Starport  
  67  6:55  SCV x2, Starport  
  69  7:02  Starport  
  69  7:04  Starport  
  69  7:07  SCV  
  71  7:08  SCV  
  71  7:09  Refinery  
  71  7:11  Refinery  
  71  7:13  Widow Mine x2  
  71  7:15  Neosteel Armor, Widow Mine  
  77  7:19  SCV  
  77  7:20  SCV  
  69  7:31  SCV  
  69  7:33  Starport Tech Lab x2  
  69  7:34  Widow Mine  
  72  7:40  Starport Tech Lab  
  72  7:41  Starport Tech Lab  
  72  7:44  SCV  
  73  7:56  SCV, Viking  
  73  7:57  Viking  
  78  8:01  Widow Mine x3  
  78  8:03  Drilling Claws  
  78  8:05  Viking x2  
  88  8:09  Missile Turret  
  88  8:11  Missile Turret  
  88  8:13  SCV x2  
  90  8:22  Widow Mine x2  
  90  8:23  Widow Mine  
  90  8:25  Command Center  
  100  8:43  Banshee  
  100  8:44  Widow Mine  
  100  8:45  Cloaking Field, Widow Mine  
  100  8:46  Hyperflight Rotors  
  99  8:50  Banshee  
  99  9:19  Supply Depot x2  
  99  9:21  Supply Depot  
  99  9:22  Supply Depot, Widow Mine  
  101  9:37  Widow Mine x2, Banshee x3  
  114  9:40  Banshee  
  114  9:44  Widow Mine  
  119  9:59  Widow Mine x2  
  123  10:00  Planetary Fortress  
  123  10:05  Widow Mine  
  125  10:20  Widow Mine x2, Banshee x2  
  135  10:24  Banshee  
  135  10:25  Banshee  
  135  10:26  Widow Mine  
  143  10:35  Missile Turret  
  143  10:38  SCV x2  
  143  10:40  SCV  
  146  10:50  SCV x2  
  148  11:25  SCV x2  
  148  11:29  Raven  
  148  11:38  Supply Depot x2  
  148  11:41  Supply Depot  
  148  11:58  Raven  
  148  11:59  Banshee x2  
  153  12:12  Raven  
  137  12:25  Thor  
  137  12:26  Thor x2  
  149  12:41  Raven  
  149  12:42  Raven x2, Factory x2  
  155  12:49  Refinery  
  155  12:51  Refinery  
  155  12:55  Raven  
  157  13:08  Thor x2  
  157  13:09  Hellion  
  157  13:10  SCV  
  172  13:17  Supply Depot  
  172  13:18  Supply Depot  
  172  13:22  Supply Depot  
  172  13:26  Supply Depot  
  172  13:38  SCV, Raven x2  
  172  13:39  Hellion  
  179  13:46  Hellion x2  
  183  13:51  SCV  
  183  13:52  Hellion x2  
  188  14:00  Hellion  
  188  14:07  Hellion  
  188  14:08  Hellion  
  192  14:13  Hellion x2  
  196  14:22  Hellion  
  195  14:29  Hellion x2  
  192  14:42  Thor  
  181  14:50  Hellion x2  
  173  14:58  Hellion x2  
  143  15:12  Hellion x2  
  147  15:19  Hellion x2  
  151  15:25  Thor  
  147  15:33  Hellion x2  
  138  15:40  Hellion  
  138  15:41  Hellion  
  130  15:44  Missile Turret  
  130  15:45  Missile Turret  
  130  15:46  Missile Turret  
  130  15:54  Hellion  
  130  15:55  Hellion  
  134  16:02  Hellion x2  
  138  16:09  Hellion  
  138  16:16  Hellion x2, Viking  
  138  16:17  Viking x3  
  150  16:23  Hellion x2  
  154  16:30  Hellion  
  156  16:44  Thor x2  
  156  16:46  Viking  
  170  16:47  Viking x3  
  170  16:51  Hellion  
  178  16:55  Widow Mine x2  
  182  17:12  Thor  
  182  17:13  Command Center  
  188  17:16  Viking  
  188  17:17  Viking x3  
  196  17:24  Factory Tech Lab x2  
  196  17:46  Viking  
  198  17:53  Viking  
  194  18:25  Thor  
  172  19:18  Fusion Core  
  170  19:46  Planetary Fortress  
  170  19:49  Thor x4  
  194  19:59  Missile Turret  
  194  20:02  Missile Turret x2  
  186  20:32  Thor x2  
Show
View Real Time Build Order
Export as new Build Order

jjs Zerg 

Build Orders: Hatch First, Roach Hydra 

Get SALT Encoding   

  12  0:00  Drone  
  13  0:08  Drone  
  14  0:16  Overlord  
  14  0:37  Drone x3  
  17  0:48  Drone  
  18  0:58  Hatchery  
  18  1:00  Drone  
  18  1:02  Extractor  
  17  1:10  Drone  
  18  1:16  Spawning Pool  
  17  1:21  Drone  
  18  1:31  Drone  
  19  1:42  Overlord  
  19  1:53  Drone  
  20  2:05  Metabolic Boost  
  20  2:06  Queen  
  20  2:07  Zergling x2  
  23  2:09  Queen  
  23  2:10  Drone  
  26  2:18  Zergling x2  
  26  2:21  Drone  
  28  2:27  Zergling x2  
  29  2:34  Hatchery, Drone  
  29  2:37  Zergling x2  
  30  2:46  Queen  
  30  2:49  Drone  
  33  2:55  Drone  
  33  2:56  Overlord  
  33  2:58  Drone  
  35  3:07  Drone  
  36  3:14  Overlord  
  36  3:17  Drone x2  
  36  3:18  Drone  
  36  3:19  Drone  
  40  3:23  Queen  
  42  3:32  Drone  
  43  3:34  Drone  
  44  3:44  Drone  
  44  3:47  Drone  
  46  3:49  Baneling Nest, Zergling x2  
  46  3:50  Zergling x6  
  46  3:52  Queen, Drone  
  52  3:57  Drone x3  
  55  4:05  Drone  
  55  4:06  Roach Warren  
  55  4:17  Overlord x2  
  55  4:20  Drone x2  
  57  4:26  Drone  
  57  4:27  Drone x2, Extractor x2  
  57  4:28  Overlord  
  58  4:33  Evolution Chamber  
  58  4:34  Extractor  
  58  4:35  Evolution Chamber, Drone x3  
  58  4:38  Drone  
  59  4:40  Drone x2  
  61  4:46  Drone  
  61  4:47  Drone x2  
  64  4:55  Drone x3  
  64  4:56  Overlord  
  67  5:02  Drone x5  
  72  5:09  Pneumatized Carapace  
  72  5:14  Lair  
  66  5:22  Roach x2  
  66  5:23  Roach x2  
  66  5:24  Roach x3  
  66  5:26  Zerg Ground Armor Level 1  
  80  5:32  Drone x3  
  80  5:34  Overlord  
  83  5:36  Zergling x4  
  83  5:38  Drone  
  74  5:57  Drone x2  
  74  5:58  Drone  
  77  6:05  Drone x2  
  77  6:06  Drone x2  
  77  6:08  Drone x2  
  77  6:09  Drone  
  77  6:10  Drone x3  
  87  6:22  Zerg Missile Weapons Level 1  
  87  6:27  Hydralisk Den  
  87  6:31  Drone x2, Spore Crawler  
  87  6:33  Spine Crawler  
  87  6:36  Drone x4, Spore Crawler  
  87  6:39  Extractor  
  88  6:41  Extractor  
  88  6:43  Overseer  
  88  6:44  Spore Crawler  
  88  6:45  Overseer  
  88  6:46  Centrifical Hooks  
  86  6:48  Glial Reconstitution  
  86  6:50  Roach x6  
  86  6:51  Overlord x2  
  86  6:53  Overlord  
  98  7:07  Overlord x2  
  98  7:19  Drone x3  
  98  7:21  Zerg Melee Weapons Level 1  
  100  7:28  Drone x4  
  99  7:42  Hydralisk x4  
  99  7:43  Hydralisk x6  
  99  7:44  Hydralisk x2  
  117  7:51  Grooved Spines  
  123  8:01  Drone x2  
  123  8:05  Overseer  
  125  8:15  Zerg Ground Armor Level 2  
  125  8:37  Overlord x6  
  125  8:38  Overlord x2  
  125  8:43  Infestation Pit  
  125  8:45  Spire  
  120  8:49  Spire  
  99  8:59  Zergling x16  
  99  9:00  Zergling x8  
  99  9:01  Overseer x2  
  99  9:02  Overseer x3, Muscular Augments  
  107  9:06  Roach x5  
  115  9:33  Roach  
  115  9:34  Roach x8  
  115  9:35  Roach x2  
  115  9:37  Hydralisk x3  
  143  9:39  Zerg Missile Weapons Level 2  
  143  9:47  Baneling x5  
  143  9:51  Overlord  
  143  10:13  Hatchery  
  142  10:17  Hatchery  
  141  10:24  Overseer x2  
  141  10:31  Zerg Melee Weapons Level 2, Spore Crawler, Zerg Flyer Weapons Level 1  
  141  10:32  Zerg Flyer Armor Level 1  
  141  10:33  Hive  
  141  10:34  Spine Crawler  
  139  11:11  Roach x5  
  147  11:12  Hydralisk x6, Roach x5  
  147  11:13  Hydralisk x3  
  147  11:14  Zergling x2  
  147  11:15  Overlord x6  
  175  11:29  Queen, Drone  
  175  11:32  Drone  
  181  11:44  Drone  
  181  11:46  Spore Crawler  
  179  11:47  Extractor  
  179  11:51  Corruptor x3, Extractor, Spore Crawler  
  179  11:52  Corruptor x4  
  179  11:53  Spine Crawler  
  156  12:20  Corruptor x5  
  164  12:25  Drone x6  
  164  12:28  Drone x2  
  172  12:32  Queen  
  174  12:39  Drone  
  175  12:46  Queen  
  175  12:50  Greater Spire  
  177  12:52  Spore Crawler  
  177  12:56  Drone x2  
  178  13:00  Drone x3  
  181  13:12  Hatchery  
  180  13:13  Drone  
  181  13:29  Baneling x3  
  181  13:31  Baneling x3  
  181  13:32  Baneling x6  
  181  13:35  Zerg Flyer Weapons Level 2  
  181  13:37  Zerg Ground Armor Level 3  
  181  13:39  Zerg Missile Weapons Level 3  
  180  14:09  Zerg Flyer Armor Level 2  
  180  14:12  Adrenal Glands  
  180  14:17  Ultralisk Cavern  
  179  14:25  Spore Crawler  
  157  14:45  Corruptor x2  
  157  14:46  Corruptor x3  
  157  14:47  Roach x2, Overlord x2  
  157  14:48  Zergling x10  
  157  14:49  Zergling x12  
  135  15:01  Ravager x2  
  135  15:02  Ravager  
  135  15:06  Overseer  
  137  15:07  Drone x3  
  137  15:09  Queen  
  108  15:32  Roach  
  108  15:33  Roach x7  
  87  15:55  Anabolic Synthesis  
  87  15:57  Zerg Flyer Weapons Level 3  
  87  16:00  Drone x3  
  84  16:15  Zerg Melee Weapons Level 3  
  68  16:26  Drone x3  
  67  16:33  Spine Crawler, Brood Lord x4  
  67  16:37  Chitinous Plating  
  67  16:38  Overseer x2  
  74  16:40  Drone  
  75  16:56  Roach, Ultralisk  
  75  16:57  Zergling x2, Roach x2  
  75  16:58  Zergling x12  
  94  17:15  Queen  
  96  17:25  Hatchery  
  95  17:52  Drone x2  
  95  17:53  Drone  
  95  17:56  Zerg Flyer Armor Level 3  
  98  18:01  Spore Crawler  
  98  18:04  Ravager x3  
  93  18:08  Brood Lord  
  93  18:10  Zergling x8  
  93  18:11  Zergling x4  
  101  18:33  Hydralisk x9  
  101  18:34  Hydralisk  
  110  18:54  Drone x2  
  100  18:57  Queen  
  89  19:03  Drone  
  89  19:08  Drone x5  
  89  19:09  Drone x2  
  96  19:10  Drone x2  
  91  19:35  Queen, Drone  
  91  19:37  Drone x2  
  96  20:00  Corruptor x6  
  99  20:29  Hatchery  
Tags
 
Add a new tag
Caveats
  • Supply blocks, unpowered buildings, or Contaminate may cause inaccurate times.
  • Supply counts are checked every 10 seconds.